Map: Romanticide LE

Players

Massa

  • Race: Terran Terran
  • League: Platinum
  • Spawn Location: 11:00

kiradaily - Winner!

  • Race: Zerg Zerg
  • League: Platinum
  • Spawn Location: 5:00

VOD

Have the link to the VOD?

Description

Time

  • Played on: Oct. 24, 2020, 2:36 p.m.
  • Length: 4:52
Show
View Real Time Build Order
Export as new Build Order

Massa Terran 

Build Orders:  

Get SALT Encoding   

  12  0:00  SCV  
  13  0:12  SCV  
  14  0:17  Supply Depot  
  14  0:24  SCV  
  15  0:38  SCV  
  15  0:39  Barracks  
  16  0:51  SCV  
  16  0:53  Refinery  
  16  0:56  Refinery  
  17  1:03  SCV  
  18  1:15  SCV  
  19  1:27  SCV  
  20  1:43  Command Center  
  20  1:53  Reaper  
  21  1:58  Orbital Command  
  21  2:25  Marine  
  21  2:31  Supply Depot  
  21  2:32  SCV  
  22  2:37  Factory  
  22  2:41  Barracks  
  22  2:59  Orbital Command  
  22  3:02  Marine  
  23  3:13  Supply Depot  
  23  3:19  Marine  
  24  3:33  SCV  
  24  3:34  SCV  
  25  3:46  Supply Depot, Marine x2  
  25  3:48  Hellion  
  28  4:00  Orbital Command  
  22  4:04  Marine x2  
  22  4:09  Hellion  
  14  4:13  SCV  
  15  4:22  Marine x2  
  11  4:26  SCV  
  11  4:31  Hellion  
Show
View Real Time Build Order
Export as new Build Order

kiradaily Zerg - Winner!

Build Orders: Hatch First 

Get SALT Encoding   

  12  0:03  Drone  
  13  0:13  Overlord  
  13  0:20  Drone  
  14  0:34  Drone x2  
  16  0:49  Hatchery  
  15  1:02  Extractor  
  14  1:07  Spawning Pool  
  14  1:10  Drone  
  14  1:14  Drone  
  16  1:18  Drone  
  16  1:22  Drone  
  17  1:32  Drone  
  18  1:54  Zergling x4  
  20  2:02  Zergling x2  
  21  2:12  Overlord  
  21  2:15  Metabolic Boost  
  21  2:19  Queen  
  21  2:20  Zergling x4  
  25  2:27  Zergling x4  
  27  2:33  Baneling Nest  
  26  2:40  Zergling x4  
  28  2:46  Zergling x2  
  28  3:02  Zergling x6  
  31  3:14  Zergling x4  
  31  3:18  Baneling x3  
  31  3:19  Baneling x2  
  33  3:20  Zergling x4  
  33  3:58  Zergling x2  
  33  3:59  Zergling x6  
  34  4:22  Zergling x4  
  34  4:24  Overlord x2  
Tags
 
Add a new tag
Caveats
  • Supply blocks, unpowered buildings, or Contaminate may cause inaccurate times.
  • Supply counts are checked every 10 seconds.